 Dungeon Crawl Stone Soup version 0.20-a0-1015-g2ec8a95 (webtiles) character file.

140 mopl the Sneak (level 5, -2/29 HPs)
             Began as a Deep Elf Assassin on Apr 15, 2017.
             Was an Initiate of Okawaru.
             Slain by a hungry ghost (4 damage)
             ... on level 3 of the Dungeon.
             The game lasted 00:05:45 (3495 turns).

mopl the Sneak (Deep Elf Assassin)                  Turns: 3495, Time: 00:05:46

Health: -2/29      AC:  3    Str:  8    XL:     5   Next: 2%
Magic:  7/7        EV: 11    Int: 16    God:    Okawaru [......]
Gold:   122        SH:  0    Dex: 17    Spells: 4/4 levels left

rFire    . . .     SeeInvis .   x - +1 dagger (flame)
rCold    . . .     Gourm    .   (no shield)
rNeg     . . .     Faith    .   c - +0 robe
rPois    .         Spirit   .   (no helmet)
rElec    .         Reflect  .   d - +0 cloak
rCorr    .         Harm     .   (no gloves)
MR       .....                  (no boots)
Stlth    +++.......             (no amulet)
Regen    0.1/turn               (no ring)
MPRegen  0.1/turn               (no ring)

@: heavily drained
A: no striking features
a: Renounce Religion


You were on level 3 of the Dungeon.
You worshipped Okawaru.
Okawaru was noncommittal.
You were near starving.

You visited 1 branch of the dungeon, and saw 4 of its levels.

You collected 122 gold pieces.

Inventory:

Hand Weapons
 a - a +2 dagger of venom
 b - a +0 blowgun
 x - a +1 dagger of flaming (weapon)
Missiles
 e - 17 poisoned needles
 f - 2 curare-tipped needles
 w - 2 tomahawks (quivered)
 B - a throwing net
Armour
 c - a +0 robe (worn)
 d - a +0 cloak (worn)
Scrolls
 j - a scroll of magic mapping {unknown}
 n - a scroll of enchant armour {unknown}
 p - 2 scrolls of remove curse {unknown}
 q - a scroll of enchant weapon {unknown}
 r - 3 scrolls of identify {unknown}
 u - a scroll of recharging {unknown}
 y - a scroll of immolation {unknown}
 A - 2 scrolls of teleportation {unknown}
Potions
 h - 2 potions of invisibility {unknown}
 l - 2 potions of resistance {unknown}
 o - a potion of lignification {unknown}
 s - a potion of ambrosia {unknown}
 t - 3 potions of curing {unknown}
 v - 2 potions of heal wounds {unknown}
 z - a potion of mutation {unknown}
Comestibles
 g - 3 bread rations
 i - a meat ration
 k - 4 fruits
 m - 3 royal jellies
 C - 4 chunks of flesh


   Skills:
 - Level 1.5(0.3) Fighting
 + Level 3.2(2.0) Short Blades
 + Level 3.4(2.1) Throwing
 - Level 1.2(0.0) Dodging
 + Level 6.2(4.8) Stealth


You had 4 spell levels left.
You didn't know any spells.

Dungeon Overview and Level Annotations

Branches:
Dungeon (4/15)
 Temple: D:4-7

Altars:
Okawaru
Qazlal

Shops:
D:4 (

Annotations:
D:4 Gorglomux's ghost, amateur OgIE


Message History

Your +1 dagger of flaming bursts into flame!
x - a +1 dagger of flaming (weapon)
You barely miss the hungry ghost. The hungry ghost hits you.
* * * LOW HITPOINT WARNING * * *
You are feeling very hungry.
You hit the hungry ghost. You burn the hungry ghost.
The hungry ghost is lightly damaged.
The hungry ghost closely misses you.
You hit the hungry ghost. You burn the hungry ghost.
The hungry ghost is moderately damaged.
The hungry ghost misses you.
You hit the hungry ghost. You burn the hungry ghost.
The hungry ghost is moderately damaged.
The hungry ghost hits you.
* * * LOW HITPOINT WARNING * * *
You are near starving!
You hit the hungry ghost. You burn the hungry ghost.
The hungry ghost is heavily damaged.
The hungry ghost hits you.
You die...

#.......................##
#..........#######......#
#.......#..#######......#
#..#....................#
#.........#########.....#
##......#.# #.....#
###....#.### #.....#
#.#....W.# #.....#
###......#@# #.....####
#......#.#.#### ########..
###...##.#....# #..
#######.........#.# #..
#....##....#.#..#.# #######
#..
#....###........#.###.....#
#..
#....#####.#........'.....#
#..
#....#.....#....#####.รท...#
#.. #....#####......#
#.....# #..


You could see a hungry ghost.

Vanquished Creatures
  3 adders
  A gnoll (D:2)
  An ooze (D:2)
  3 worms
  3 dart slugs (D:1)
  2 leopard geckos
  An orc (D:2)
  4 giant cockroaches
  10 goblins
  11 hobgoblins
  3 jackals (D:1)
  A quokka (D:3)
  A ball python (D:4)
  9 bats
  6 frilled lizards
  10 kobolds
  9 rats
78 creatures vanquished.

Notes
Turn   | Place    | Note
-------+----------+-------------------------------------------
     0 | D:1      | mopl the Deep Elf Assassin began the quest for the Orb.
     0 | D:1      | Reached XP level 1. HP: 12/12 MP: 3/3
    55 | D:1      | Reached skill level 5 in Stealth
    92 | D:1      | Reached XP level 2. HP: 15/16 MP: 4/4
   624 | D:1      | Reached XP level 3. HP: 19/20 MP: 5/5
  1429 | D:2      | Reached XP level 4. HP: 20/25 MP: 6/6
  1520 | D:2      | Reached skill level 3 in Throwing
  1656 | D:2      | Found an iron altar of Okawaru.
  1956 | D:2      | Reached skill level 3 in Short Blades
  1980 | D:2      | Reached skill level 6 in Stealth
  2184 | D:2      | Became a worshipper of Warmaster Okawaru
  3342 | D:4      | Found Quwn's Weapon Shop.
  3384 | D:4      | Found a stormy altar of Qazlal.
  3420 | D:4      | Reached XP level 5. HP: 29/29 MP: 7/7
  3434 | D:4      | Noticed a hungry ghost
  3452 | D:4      | Noticed Gorglomux's ghost (amateur OgIE)
  3495 | D:3      | Slain by a hungry ghost

Vault maps used:
D:1:      elethiomel_arrival_infinity_welcomes_careful_drivers
D:2:      okawaru_altar_gauntlet_db
D:3:      first_bread
D:4:      kennysheep_mini, serial_shops, shop, enter_ossuary_4,
          minmay_lizard_king

Skill      XL: |  1  2  3  4 |
---------------+-------------+-----
Stealth        | 5 6 |  6.2
Throwing       | 3 |  3.4
Short Blades   | 3 |  3.2
Fighting       | |  1.5
Dodging        | |  1.2

Action                   |  1- 3 |  4- 6 || total
-------------------------+-------+-------++-------
Melee: Dagger            |   138 |    80 ||   218
 Fire: Blowgun           |       |     3 ||     3
 Stab: Sleeping          |    11 |     3 ||    14
       Distracted        |     1 |       ||     1
  Eat: Chunk             |     2 |     6 ||     8
Armor: Robe              |    27 |    11 ||    38
Dodge: Dodged            |    85 |    48 ||   133
